Mab, chaotic female human Monk ---------------- |............).| ###########################...............| ------------ #--------------- ###-.-----------.-- |...........#######|.......<.....| # # ######### |..........| #..............- ##u####### # |...........#######|.............| @ ##### |..........| |..............####### ##### |..........| |.............| -|-|-- ----|------- --------------- |....| # |....| |...<| ------ Mab the Initiate Experience level: 6 Strength: 16 Dexterity: 12 Constitution: 12 Intelligence: 10 Wisdom: 14 Charisma: 11 Health: 0(45) Energy: 33(33) AC: 8 Gold: 514 Moves: 1888 Your Inventory: Coins $ - 514 gold pieces Armor q - an uncursed +0 pair of iron shoes (being worn) Comestibles g - 2 uncursed food rations j - 3 uncursed fortune cookies o - an uncursed [stale] egg O - an [uncursed] pear P - an [uncursed] tripe ration Potions e - a blessed potion of healing f - an uncursed potion of healing Wands B - an [uncursed] wand of create monster [0:12] Spells known in the end: Name Level Category Fail Memory a - sleep 1 enchantment 46% [||||||||] b - wizard lock 2 matter 94% [||||||||] c - create monster 2 clerical 94% [||||||||] Your skills at the end: Fighting Skills martial arts [Basic / Grand Master] Weapon Skills Spellcasting Skills healing spells [Basic / Expert] Final Attributes: You were devoutly aligned. Hunger level was 542. Your alignment was 19 / 19. Monster difficulty range was 1 - 6. Level difficulty was 7. You were immune to sleep. You were immune to poison. You saw invisible. You were stealthy. You were fast. Your luck was zero. You are dead. Vanquished creatures: a human zombie a rope golem an orc shaman 2 rock piercers a gnome lord a straw golem a kitten 2 dwarves 3 orc zombies an acid blob a gas spore a hobbit a green mold 2 gnome zombies a gecko 2 jackals a fox a goblin 3 grid bugs 3 lichens 6 newts 36 creatures vanquished. Voluntary challenges: You followed a strict vegan diet. You never hit with a wielded weapon. You read items or engraved 3 times. You put on armor 4 times. You never genocided any monsters. You never polymorphed an object. You never changed form. You used no wishes. You wrote Elbereth's name 1 time. You never encountered a bones level. You never used any Sokoban shortcuts. Dungeon overview: The Dungeons of Doom: levels 1 to 7 Level 1 a fountain a long staircase Level 2 (439g in a vault) an altar stairs to The Gnomish Mines Level 3 an armor shop, some fountains Level 4 a fountain Level 6 (kitten, book of sleep) some fountains Level 7 <- You were here stairs to Sokoban The Gnomish Mines: Level 3 stairs to The Dungeons of Doom Sokoban: Level 6 a magic chest stairs to The Dungeons of Doom History has recorded: On T:1 you entered the Dungeons of Doom to retrieve the Amulet of Yendor! On T:16 you reached level 2 of The Dungeons of Doom. On T:214 you reached level 3 of The Dungeons of Doom. On T:318 you reached level 1 of The Gnomish Mines. On T:322 you advanced to experience level 2. On T:502 you advanced to experience level 3. On T:867 you reached level 4 of The Dungeons of Doom. On T:914 you advanced to experience level 4. On T:1023 you reached level 5 of The Dungeons of Doom. On T:1260 you reached level 6 of The Dungeons of Doom. On T:1350 you advanced to experience level 5. On T:1658 you advanced to experience level 6. On T:1668 you reached level 7 of The Dungeons of Doom. On T:1755 you reached level 3 of Sokoban. Latest messages: The water nymph charms you. You gladly start removing your helmet. The water nymph stole 2 uncursed lichen corpses. You can move again. The water nymph steals a +0 crested helmet! You kill the jackal! You kill the gas spore! You are caught in the gas spore's explosion! [HP-9=36] [HP+1=37] [HP+1=38] [HP+1=39] You see here a long sword. [HP+1=40] [HP+1=41] The white unicorn butts! The white unicorn kicks! The white unicorn butts! The white unicorn kicks! [HP-23=18] The white unicorn butts! The white unicorn kicks! The white unicorn butts! You die... Final status: Punardarsanaya Mab the Monk... You died in The Dungeons of Doom on dungeon level 7 with 2377 points, and 514 pieces of gold, after 1888 moves. You were level 6 with a maximum of 45 hit points when you died.